 Dungeon Crawl Stone Soup version 0.30-a0-830-gfe289a77b0 (webtiles) character file.

Game seed: 2806490015434041021

2909 kiwi3s the Cleaver (level 9, -1/82 HPs)
             Began as a Minotaur Berserker on Feb 28, 2023.
             Was a High Priest of Trog.
             Slain by an unseen horror (4 damage)
             ... on level 7 of the Dungeon.
             The game lasted 00:06:39 (6751 turns).

kiwi3s the Cleaver (Minotaur Berserker)             Turns: 6751, Time: 00:06:40

Health: -1/82      AC: 14    Str: 26    XL:     9   Next: 49%
Magic:  8/8        EV: 12    Int:  4    God:    Trog [*****.]
Gold:   421        SH:  0    Dex: 10    Spells: 8/8 levels left

rFire   . . .      SeeInvis .    a - +0 hand axe
rCold   . . .      Faith    .    (no shield)
rNeg    . . .      Spirit   .    r - +0 scale mail
rPois   +          Reflect  .    (helmet restricted)
rElec   .          Harm     .    G - +1 cloak
rCorr   .          Rampage  .    (no gloves)
Will    .....                    (no boots) Stlth
                                 (no amulet)
HPRegen 0.33/turn                e - ring of poison resistance
MPRegen 0.11/turn                E - +4 ring of protection

@: no status effects
A: horns 2, retaliatory headbutt
a: Renounce Religion, Berserk, Trog's Hand, Brothers in Arms


You were on level 7 of the Dungeon.
You worshipped Trog.
Trog was extremely pleased with you.
You visited 1 branch of the dungeon, and saw 7 of its levels.

You collected 421 gold pieces.

Inventory:

Hand Weapons
 a - a +0 hand axe (weapon)
 F - the +5 hammer of Niomoleu {holy, rPois SInv}
   (You found it on level 5 of the Dungeon)

   rPois:     It protects you from poison.
   SInv:      It lets you see invisible.
Armour
 r - a +0 scale mail (worn)
 G - a +1 cloak (worn)
Jewellery
 b - a ring of see invisible
 e - a ring of poison resistance (left hand)
 E - a +4 ring of protection (right hand)
Wands
 t - a wand of flame (31)
 v - a wand of digging (4)
 y - a wand of mindburst (14)
 B - a wand of roots (9)
Scrolls
 h - 2 scrolls of amnesia {unknown}
 j - 4 scrolls of teleportation {unknown}
 k - 4 scrolls of poison {unknown}
 p - 5 scrolls of identify {unknown}
 s - a scroll of vulnerability {unknown}
 u - 2 scrolls of enchant weapon {unknown}
 w - a scroll of enchant armour {unknown}
 A - 2 scrolls of fog {unknown}
 C - a scroll of silence {unknown}
 D - a scroll of fear {unknown}
Potions
 c - 2 potions of haste {unknown}
 d - a potion of flight {unknown}
 f - 2 potions of berserk rage
 g - 4 potions of might {unknown}
 i - a potion of ambrosia {unknown}
 l - a potion of magic {unknown}
 m - 2 potions of mutation {unknown}
 n - 2 potions of heal wounds {unknown}
 o - a potion of cancellation {unknown}
 q - a potion of attraction {unknown}
 x - 2 potions of degeneration {unknown}
 z - 3 potions of curing {unknown}


   Skills:
 + Level 8.7 Fighting
 + Level 8.7 Axes
 + Level 8.3 Armour
 + Level 7.5 Dodging


You had 8 spell levels left.
You didn't know any spells.
Your spell library was empty.

Dungeon Overview and Level Annotations

Branches:
Dungeon (7/15)             Temple (0/1) D:7

Altars:
Cheibriados
Nemelex Xobeh
Ru
Trog
Yredelemnul
Zin
The Shining One

Shops:
D:1 !   D:2 (   D:3 *


Innate Abilities, Weirdness & Mutations

You have a pair of horns on your head.
You reflexively headbutt those who attack you in melee.


Message History

Something hits you but does no damage. Something hits you. Something hits you!
Something hits you.
You are too injured to fight recklessly!
Something hits you but does no damage. Something hits you but does no damage.
Something hits you but does no damage. Something barely misses you.
Something hits you!
You slash something! Something hits you but does no damage.
You hit something.
Something hits you but does no damage. x2
Something hits you.
You hit something. Something hits you. Something hits you but does no damage.
You miss something. Something hits you but does no damage.
Something barely misses you.
You hit something but do no damage. Something hits you!
* * * LOW HITPOINT WARNING * * *
You hit something. Your headbutt misses something.
Something hits you but does no damage. Something hits you.
* * * LOW HITPOINT WARNING * * *
You miss something. Something completely misses you.
Something hits you but does no damage.
You hit something but do no damage. Something hits you but does no damage.
Something hits you but does no damage. Something hits you.
* * * LOW HITPOINT WARNING * * *
Something hits you but does no damage. Something barely misses you.
Something hits you!
* * * LOW HITPOINT WARNING * * *
You closely miss something. You headbutt something.
Something barely misses you. Something hits you but does no damage.
You completely miss something. Your headbutt misses something.
Something hits you.
* * * LOW HITPOINT WARNING * * *
Something hits you.
* * * LOW HITPOINT WARNING * * *
You hit something. Something hits you.
* * * LOW HITPOINT WARNING * * *
Something hits you but does no damage.
You slash something! Your headbutt misses something. Something hits you.
You die...

### #...
#....######
#.....@{..#
#....####.# #...
#.#####...
#....####.........
#.........#####...
#....####.# # #.#
#.#
.#.#####.######.##


There were no monsters in sight!

Vanquished Creatures
  Pikel (D:6)
  Grinder (D:6)
  A water moccasin (D:5)
  An orc warrior (D:7)
  A sky beast (D:4)
  2 black bears (D:4)
  4 ogres
  A kobold brigand (D:7)
  3 lemures (D:6)
  Blork the orc (D:5)
  A necrophage (D:3)
  3 wights (D:6)
  A howler monkey (D:5)
  6 hounds
  A gnoll bouda (D:5)
  An orc priest (D:4)
  Crazy Yiuf (D:5)
  A jelly (D:4)
  Ijyb (D:5)
  5 iguanas
  Natasha (twice) (D:2)
  6 orc wizards
  7 gnolls
  13 adders
  A shadow imp (D:6)
  2 white imps
  3 worms
  2 dart slugs
  20 orcs
  4 ball pythons
  9 bats
  11 endoplasms
  10 giant cockroaches
  5 goblins
  11 hobgoblins
  5 jackals
  11 kobolds
  8 quokkas
  2 frilled lizards (D:1)
  10 rats
179 creatures vanquished.

Notes
Turn   | Place    | Note
-------+----------+-------------------------------------------
     0 | D:1      | kiwi3s the Minotaur Berserker began the quest for the Orb.
     0 | D:1      | Reached XP level 1. HP: 19/19 MP: 0/0
   175 | D:1      | Reached XP level 2. HP: 23/27 MP: 1/1
   193 | D:1      | Found Ikoleb Sirui's Distillery.
   337 | D:1      | Found a faded altar of an unknown god.
   568 | D:1      | Reached XP level 3. HP: 29/33 MP: 2/2
   996 | D:2      | Reached ** piety under Trog
  1158 | D:2      | Found a glowing silver altar of Zin.
  1262 | D:2      | Found Kote Ruf's Weapon Emporium.
  1269 | D:2      | Noticed Natasha
  1274 | D:2      | Killed Natasha
  1275 | D:2      | Reached XP level 4. HP: 35/41 MP: 3/3
  1527 | D:2      | Noticed Natasha
  1540 | D:2      | Killed Natasha
  1797 | D:3      | Reached XP level 5. HP: 44/47 MP: 4/4
  1894 | D:3      | Found Xuost's Assorted Antiques.
  2080 | D:3      | Reached skill level 5 in Fighting
  2102 | D:3      | Reached *** piety under Trog
  2141 | D:3      | Reached skill level 5 in Axes
  2453 | D:4      | Found a sacrificial altar of Ru.
  2492 | D:4      | Reached XP level 6. HP: 28/56 MP: 5/5
  2952 | D:4      | Reached skill level 5 in Armour
  2952 | D:4      | Reached XP level 7. HP: 50/62 MP: 6/6
  3200 | D:4      | Reached skill level 5 in Dodging
  3535 | D:4      | Reached **** piety under Trog
  3948 | D:5      | Entered Level 5 of the Dungeon
  3968 | D:5      | Reached XP level 8. HP: 55/71 MP: 7/7
  4115 | D:5      | Noticed Blork the orc
  4126 | D:5      | Killed Blork the orc
  4306 | D:5      | Noticed Ijyb
  4317 | D:5      | Killed Ijyb
  4735 | D:5      | Found a snail-covered altar of Cheibriados.
  4740 | D:5      | Found a glowing golden altar of the Shining One.
  4741 | D:5      | Found a glowing silver altar of Zin.
  4741 | D:5      | Found a sparkling altar of Nemelex Xobeh.
  4742 | D:5      | Found a basalt altar of Yredelemnul.
  4782 | D:5      | Found a runed translucent door.
  4783 | D:5      | Noticed Crazy Yiuf
  4785 | D:5      | Identified the +5 hammer of Niomoleu {holy, rPois SInv}
  4792 | D:5      | Killed Crazy Yiuf
  5021 | D:6      | Noticed Pikel
  5042 | D:6      | Killed Pikel
  5043 | D:6      | Reached XP level 9. HP: 26/81 MP: 8/8
  5298 | D:6      | Found a bloodstained altar of Trog.
  5497 | D:6      | Noticed Grinder
  5505 | D:6      | Killed Grinder
  6386 | D:7      | Reached ***** piety under Trog
  6699 | D:7      | Found a staircase to the Ecumenical Temple.
  6750 | D:7      | HP: 3/82 [something (4)]
  6751 | D:7      | Slain by an unseen horror

Illustrated notes

Levels and vault maps discovered:
D:1:      matt_arrival_spirals, layout_loops_ring, serial_shops,
          nicolae_shop_window_shopping, chequers_ecumenical_altar_island,
          st_stairs_5, grunt_decor_clamped, kennysheep_pointless_box
D:2:      layout_rooms, basic_altar, serial_shops,
          nicolae_shop_bloodbath_and_beyond, minmay_misc_feat_pillars,
          uniq_natasha
D:3:      layout_basic, serial_shops, nicolae_shop_hallway_stairs
D:4:      minmay_thinvault, layout_basic, nicolae_ru_great_annihilating_truth
D:5:      layout_basic, minitemple, uniq_blork_the_orc, uniq_ijyb,
          uniq_crazy_yiuf_cottage
D:6:      layout_gridville, general_overflow_altar, gup_sewer_entry_pipe,
          uniq_pikel, uniq_grinder
D:7:      layout_basic, temple_statues, nicolae_sextant,
          nicolae_underground_beach

Skill      XL: |  1  2  3  4  5  6  7  8  9 |
---------------+----------------------------+-----
Axes           | 4 5 6 7 8 |  8.7
Fighting       | 4 5 6 7 8 |  8.7
Armour         | 3 4 5 6 7 8 |  8.3
Dodging        | 3 4 5 6 7 |  7.5

Action                     |  1- 3 |  4- 6 |  7- 9 || total
---------------------------+-------+-------+-------++-------
  Melee: Hand axe          |    70 |   113 |   302 ||   485
         Headbutt          |    11 |    19 |    63 ||    93
         Punch             |       |     1 |     1 ||     2
 Invoke: Berserk           |       |       |     2 ||     2
   Stab: Paralysed         |       |     1 |       ||     1
 Armour: Animal skin       |    25 |    18 |       ||    43
         Scale mail        |       |     9 |   131 ||   140
  Dodge: Dodged            |    56 |    81 |   177 ||   314

Table legend: (Time is in decaauts)
 A = Elapsed time spent in this place.
 B = Non-inter-level travel time spent in this place.
 C = Inter-level travel time spent in this place.
 D = Time resting spent in this place.
 E = Time spent auto-exploring this place.
 F = Levels seen in this place.
 G = Mean time per level.
                   A        B        C        D        E       F      G
               +--------+--------+--------+--------+--------+-----+--------+
         Total |   6768 |   6580 |    188 |    434 |   5068 |   7 |  966.9 |
       Dungeon |   6768 |   6580 |    188 |    434 |   5068 |   7 |  966.9 |
               +--------+--------+--------+--------+--------+-----+--------+

Top non-repeatable levels by time:
     D:4: 1519 daAuts
     D:6: 1330 daAuts
     D:5: 1068 daAuts
     D:1: 1004 daAuts
     D:3: 735 daAuts
     D:2: 704 daAuts
     D:7: 405 daAuts
